 Dungeon Crawl Stone Soup version 0.18.1-48-g4cf74bf (webtiles) character file.

1153 Wander the Cruncher (level 8, 0/56 HPs)
             Began as a Human Wanderer on Sept 9, 2016.
             Killed from afar by Sigmund (10 damage)
             ... with a puff of flame
             ... on level 5 of the Dungeon.
             The game lasted 00:06:45 (4061 turns).

Wander the Cruncher (Human Wanderer)                Turns: 4061, Time: 00:06:45

Health: 0/56       AC:  6    Str: 15    XL:     8   Next: 65%
Magic:  8/8        EV: 12    Int: 13    God:
Gold:   111        SH:  0    Dex: 16    Spells: 0 memorised, 7 levels left

rFire  . . .     SeeInvis .     d - +0 quarterstaff
rCold  + . .     Gourm    .     g - +2 robe {rC+}
rNeg   . . .     Faith    .     (shield currently unavailable)
rPois  .         Spirit   .     p - +0 helmet
rElec  .         Dismiss  .     v - +0 cloak
rCorr  .         Reflect  .     (no gloves)
SustAt .         Harm     .     (no boots)
MR     .....                    (no amulet)
Stlth  +.........               (no ring)
                                h - +4 ring of intelligence

@: not resistant to hostile enchantments, very unstealthy
A: no striking features
a: no special abilities


You were on level 5 of the Dungeon.
You were not hungry.

You visited 1 branch of the dungeon, and saw 5 of its levels.

You collected 111 gold pieces.

Inventory:

Hand Weapons
 d - a +0 quarterstaff (weapon)
Missiles
 b - 2 throwing nets (quivered)
 j - 5 exploding tomahawks
Armour
 a - a +0 leather armour
 g - a +2 robe of cold resistance (worn)
 k - a +0 plate armour
 p - a +0 helmet (worn)
 v - a +0 cloak (worn)
Jewellery
 h - a +4 ring of intelligence (left hand)
 x - an uncursed ring of stealth {unknown}
Wands
 w - a wand of slowing (11/48)
Scrolls
 c - a scroll of immolation {unknown}
 e - 2 scrolls of teleportation {unknown}
 i - 3 scrolls of identify {unknown}
 s - 2 scrolls of enchant armour {unknown}
 u - a scroll of magic mapping {unknown}
 y - 2 scrolls of remove curse {unknown}
Potions
 m - a potion of haste
 n - a potion of heal wounds
 o - a potion of brilliance {unknown}
 q - a potion of agility
 r - a potion of lignification {unknown}
 t - a potion of curing {unknown}
Comestibles
 f - 3 bread rations
 l - 2 meat rations


   Skills:
 - Level 2.0 Fighting
   Level 1.0(6.7) Polearms
 + Level 10.4(10.5) Staves
 - Level 1.0 Dodging
   Level 1.0 Shields
 + Level 1.0 Evocations


You had 7 spell levels left.
You didn't know any spells.

Dungeon Overview and Level Annotations

Branches:
Dungeon (5/15)
 Temple: D:4-7

Altars:
Cheibriados
Elyvilon
Gozag
Qazlal
Trog
Yredelemnul

Annotations:
D:5 Sigmund


Message History

You completely miss something. You completely miss something.
Something hits you.
You closely miss something. You completely miss something. Something hits you!
You hit something but do no damage. You completely miss something.
Something hits you.
You closely miss something. You sock something!
You hear some strange, mumbled words.
A magic dart appears from out of thin air!
The magic dart hits you!
* * * LOW HITPOINT WARNING * * *
You barely miss something. Something hits you.
* * * LOW HITPOINT WARNING * * *
You miss something. You closely miss something.
You hear some strange, mumbled words.
A puff of flame appears from out of thin air!
The puff of flame hits you!
You die...

### #+#######...# .
...#.....'@{...# .
....+.....#.....#
.####....#.##.####...#
.......###.##.########
......(#....#........#
.......#....'....(...#
.......#....#........#
.......##..####+##.###
........#..####.# #


There were no monsters in sight!

Vanquished Creatures
  Pikel (D:5)
  Eustachio (D:4)
  A water moccasin (D:5)
  A slave (D:5)
  An ogre (D:4)
  3 crimson imps (D:5)
  2 centaur skeletons (D:4)
  A giant frog skeleton (D:4)
  An iguana (D:4)
  A worker ant (D:4)
  A howler monkey skeleton (D:2)
  3 adders
  An adder zombie (D:2)
  5 worms
  An adder skeleton (D:2)
  2 dart slugs
  4 giant geckos
  2 orcs (D:3)
  A bat skeleton (D:2)
  4 bat zombies (D:2)
  2 giant cockroaches (D:3)
  5 goblins
  7 hobgoblins
  4 jackals (D:1)
  A quokka (D:3)
  A ball python (D:4)
  6 bats
  A giant gecko zombie (D:2)
  5 giant newts
  A jackal skeleton (D:2)
  6 kobolds
  2 quokka skeletons
  A quokka zombie (D:2)
  5 rats
84 creatures vanquished.

Vanquished Creatures (others)
  A slave (D:5)
1 creature vanquished.

Grand Total: 85 creatures vanquished

Notes
Turn   | Place    | Note
--------------------------------------------------------------
     0 | D:1      | Wander the Human Wanderer began the quest for the Orb.
     0 | D:1      | Wander set off with: a +0 leather armour, 2 throwing nets, a +0 spear, a +0 quarterstaff, a bread ration
     0 | D:1      | Reached XP level 1. HP: 16/16 MP: 1/1
    63 | D:1      | Reached XP level 2. HP: 15/22 MP: 2/2
   662 | D:1      | Reached XP level 3. HP: 22/27 MP: 3/3
   742 | D:2      | Reached skill level 5 in Staves
   956 | D:2      | Found a snail-covered altar of Cheibriados.
  1074 | D:2      | Reached XP level 4. HP: 31/33 MP: 4/4
  1344 | D:2      | Found a stormy altar of Qazlal.
  1351 | D:2      | Found a bloodstained altar of Trog.
  1356 | D:2      | Found an opulent altar of Gozag.
  2176 | D:3      | Reached XP level 5. HP: 28/38 MP: 5/5
  2317 | D:3      | Reached skill level 6 in Staves
  2640 | D:4      | Found a basalt altar of Yredelemnul.
  2931 | D:4      | Found a white marble altar of Elyvilon.
  2982 | D:4      | Noticed an ogre
  2989 | D:4      | Killed an ogre
  2989 | D:4      | Reached skill level 7 in Staves
  2989 | D:4      | Reached XP level 6. HP: 22/44 MP: 6/6
  3234 | D:4      | Noticed Eustachio
  3309 | D:4      | Killed Eustachio
  3309 | D:4      | Reached skill level 8 in Staves
  3309 | D:4      | Reached XP level 7. HP: 33/50 MP: 7/7
  3336 | D:4      | Got a fine trident
  3337 | D:4      | Identified the +0 trident of Spring {flame, Int+7} (You found it on level 4 of the Dungeon)
  3616 | D:5      | Entered Level 5 of the Dungeon
  3643 | D:5      | Noticed Pikel
  3666 | D:5      | Killed Pikel
  3666 | D:5      | Reached skill level 10 in Staves
  3666 | D:5      | Reached XP level 8. HP: 25/56 MP: 8/8
  4030 | D:5      | Noticed Sigmund
  4061 | D:5      | Killed from afar by Sigmund

Skill      XL: |  1  2  3  4  5  6  7 |
---------------+----------------------+-----
Staves         | 5 7 8 10 | 10.4
Fighting       | |  2.0
Polearms       | |  1.0
Dodging        | |  1.0
Shields        | |  1.0
Evocations     | |  1.0

Action                   |  1- 3 |  4- 6 |  7- 9 || total
-------------------------+-------+-------+-------++-------
Melee: Quarterstaff      |    88 |   192 |   104 ||   384
  Use: Potion            |       |       |     5 ||     5
  Eat: Chunk             |       |     8 |       ||     8
       Bread ration      |       |       |     1 ||     1
Armor: Leather armour    |    36 |     3 |       ||    39
       Plate armour      |       |   126 |    17 ||   143
       Robe              |       |       |    12 ||    12
Dodge: Dodged            |    54 |    50 |    18 ||   122
